 Dungeon Crawl Stone Soup version 0.19-a0-1071-g4ed3155 (webtiles) character file.

1501 4thArraOfDagon the Cleaver (level 8, 0/96 HPs)
             Began as a Minotaur Berserker on Aug 5, 2016.
             Was a Priest of Trog.
             Slain by a hound (5 damage)
             ... on level 8 of the Dungeon.
             The game lasted 00:05:07 (1098 turns).

4thArraOfDagon the Cleaver (Minotaur Berserker)     Turns: 1098, Time: 00:05:08

Health: 0/96       AC:  4    Str: 28    XL:     8   Next: 52%
Magic:  7/7        EV: 11    Int:  4    God:    Trog [***...]
Gold:   159        SH:  4    Dex: 11    Spells: 0 memorised, 7 levels left

rFire  . . .     SeeInvis .     f - +0 war axe
rCold  . . .     Gourm    .     i - +0 ring mail
rNeg   . . .     Faith    .     (no shield)
rPois  .         Spirit   .     (helmet restricted)
rElec  .         Dismiss  .     (no cloak)
rCorr  +         Reflect  +     (no gloves)
SustAt .         Harm     .     B - +0 pair of boots
MR     ++...                    E - +4 amulet of reflection
Stlth  ..........               (no ring)
                                d - ring of resist corrosion

@: berserking, corroded, regenerating, very quick
A: retaliatory headbutt, horns 2
a: Berserk, Trog's Hand, Burn Spellbooks, Renounce Religion


You were on level 8 of the Dungeon.
You worshipped Trog.
Trog was most pleased with you.
You were very hungry.

You visited 1 branch of the dungeon, and saw 8 of its levels.
You also visited: Ossuary.

You collected 159 gold pieces.

Inventory:

Hand Weapons
 a - a +0 hand axe
 f - a +0 war axe (weapon)
 y - a +0 scimitar of freezing
Missiles
 z - a throwing net (quivered)
Armour
 b - a +0 animal skin
 i - a +0 ring mail (worn)
 B - a +0 pair of boots (worn)
Jewellery
 d - a ring of resist corrosion (left hand)
 A - an uncursed amulet of the gourmand
 E - a +4 amulet of reflection (around neck)
Wands
 n - a wand of enslavement (9/24)
 t - a wand of disintegration (20/24)
 F - a wand of flame (31/48)
Scrolls
 g - 3 scrolls of identify
 l - a scroll of random uselessness {unknown}
 m - 2 scrolls of magic mapping {unknown}
 p - 2 scrolls of teleportation {unknown}
 q - a scroll of fog {unknown}
 r - 3 scrolls of remove curse {unknown}
 C - a scroll of enchant armour {unknown}
 D - a scroll of recharging {unknown}
Potions
 e - a potion of cure mutation {unknown}
 j - a potion of heal wounds {unknown}
 k - a potion of magic {unknown}
 o - 2 potions of curing {unknown}
 s - a potion of haste {unknown}
 u - 2 potions of degeneration {unknown}
 v - 2 potions of resistance {unknown}
 w - 2 potions of lignification {unknown}
Comestibles
 c - 2 bread rations
 h - 6 fruits
 x - 3 chunks of flesh


   Skills:
 - Level 3.6 Fighting
 * Level 11.0 Axes
 + Level 7.5 Armour
 - Level 2.1 Dodging


You had 7 spell levels left.
You didn't know any spells.

Dungeon Overview and Level Annotations

Branches:
Dungeon (8/15)               Lair (0/6) D:8
 Temple: D:4-7

Altars:
Okawaru


Innate Abilities, Weirdness & Mutations

You reflexively headbutt those who attack you in melee.
You have a pair of horns on your head.


Message History

* * * LOW HITPOINT WARNING * * *
The hound bites you.
* * * LOW HITPOINT WARNING * * *
The orc priest hits you with an enchanted short sword.
* * * LOW HITPOINT WARNING * * *
The orc misses you.
Unknown command.
Unknown command.
You slash the centaur! Your headbutt misses the centaur.
The centaur is severely wounded.
You closely miss the hound. You hit the orc.
You kill the orc!
Trog accepts your kill.
You slice the orc priest!!
You kill the orc priest!
Trog accepts your kill.
Your Axes skill increases to level 11!
The centaur hits you but does no damage.
The hound bites you.
You die...

...[..................
...............<.......
........................
........................
........................
>.......................
...........#............
......h[†##...Y.........
.......@)##.###.........
......c))#..###.........
...........###..†.......
..........###...††......
..........##...<.)......
............Y..).†......
.......#..#.............
##....? ................
#.#.............


You could see a centaur and a hound.

Vanquished Creatures
  A spiny frog (D:8)
  Grinder (D:3)
  A yak (D:8)
  A sky beast (D:7)
  2 giant frogs
  2 scorpions
  2 howler monkeys (D:8)
  A jelly (D:8)
  A centaur skeleton (D:8)
  2 orc priests (D:8)
  A hound (D:8)
  A giant frog skeleton (D:6)
  An iguana (D:5)
  3 orc wizards
  A worker ant (D:5)
  A hound zombie (D:6)
  A mummy (D:4)
  7 gnolls
  A howler monkey skeleton (D:8)
  3 adders
  A shadow imp (D:5)
  An ooze (D:3)
  A dart slug (D:1)
  3 giant geckos
  20 orcs
  A bat (D:2)
  2 goblins (D:3)
  7 jackals
  A giant newt (D:7)
  A hobgoblin zombie (D:4)
72 creatures vanquished.

Notes
Turn   | Place    | Note
-------+----------+-------------------------------------------
     0 | D:1      | 4thArraOfDagon the Minotaur Berserker began the quest for the Orb.
     0 | D:1      | Reached XP level 1. HP: 19/19 MP: 0/0
    31 | D:2      | Found an iron altar of Okawaru.
    81 | D:3      | Reached skill level 4 in Axes
    81 | D:3      | Reached XP level 2. HP: 26/26 MP: 1/1
   124 | D:3      | Noticed Grinder
   139 | D:3      | Killed Grinder
   139 | D:3      | Reached skill level 6 in Axes
   139 | D:3      | Reached XP level 3. HP: 29/31 MP: 2/2
   139 | D:3      | Reached XP level 4. HP: 37/39 MP: 3/3
   139 | D:3      | Reached XP level 5. HP: 42/45 MP: 4/4
   305 | D:4      | Reached skill level 7 in Axes
   305 | D:4      | Reached XP level 6. HP: 51/51 MP: 5/5
   361 | D:4      | Found a sand-covered staircase.
   400 | Ossuary  | Entered an ossuary
   448 | Ossuary  | Noticed a flying skull
   448 | Ossuary  | Noticed a wraith
   454 | Ossuary  | Noticed a flying skull
   455 | Ossuary  | Noticed a flying skull
   543 | D:5      | Entered Level 5 of the Dungeon
   571 | D:5      | Reached skill level 5 in Armour
   677 | D:5      | Reached ** piety under Trog
   720 | D:5      | Reached skill level 8 in Axes
   877 | D:6      | Reached XP level 7. HP: 57/57 MP: 6/6
  1009 | D:7      | You fall through a shaft!
  1018 | D:8      | Noticed a yak
  1029 | D:7      | Reached skill level 9 in Axes
  1082 | D:8      | Noticed a spiny frog
  1083 | D:8      | Found a staircase to the Lair.
  1087 | D:8      | Killed a spiny frog
  1087 | D:8      | Reached skill level 10 in Axes
  1087 | D:8      | Reached XP level 8. HP: 51/64 MP: 7/7
  1088 | D:8      | Reached *** piety under Trog
  1097 | D:8      | HP: 4/96 [orc priest/enchanted short sword (4)]
  1098 | D:8      | Reached skill level 11 in Axes
  1098 | D:8      | Slain by a hound

Vault maps used:
D:1:      tarquinn_simple_flora_water_e
D:2:      okawaru_trees_1, gammafunk_temple_overflow_claw
D:3:      first_bread, ashenzari_altar_1, uniq_grinder, uniq_terence
D:4:      nicolae_ossuary_entry_giza
D:5:      serial_shops, nicolae_shop_trees, trog_three_pillars_becter
D:7:      uniq_crazy_yiuf_cottage
D:8:      dpeg_lair_monsters, uniq_pikel, uniq_prince_ribbit1
Ossuary:  ossuary_due_cavern

Skill      XL: |  1  2  3  4  5  6  7  8 |
---------------+-------------------------+-----
Axes           | 4 6 7 8 10 11 | 11.0
Armour         | 4 5 7 |  7.5
Fighting       | |  3.6
Dodging        | |  2.1

Action                   |  1- 3 |  4- 6 |  7- 9 || total
-------------------------+-------+-------+-------++-------
Melee: Hand axe          |    12 |     3 |       ||    15
       Headbutt          |     2 |     8 |    14 ||    24
       War axe           |       |    53 |    39 ||    92
Invok: Berserk           |     2 |     3 |     2 ||     7
       Trog's Hand       |       |       |     1 ||     1
  Use: Scroll            |       |     2 |       ||     2
  Eat: Chunk             |       |     6 |     1 ||     7
Armor: Animal skin       |     3 |     1 |       ||     4
       Ring mail         |       |    14 |    14 ||    28
Dodge: Dodged            |     7 |    32 |    31 ||    70
Block: Other             |       |       |     7 ||     7
